 Dungeon Crawl Stone Soup version 0.24-a0-584-g9d6b971ae4 (webtiles) character file.

Game seed: 13364312587480116974, levelgen mode: deterministic

26 Gynju the Chucker (level 3, 0/37 HPs)
             Began as an Ogre Hunter on Sept 3, 2019.
             Slain by a jackal (2 damage)
             ... on level 1 of the Dungeon.
             The game lasted 00:01:23 (933 turns).

Gynju the Chucker (Ogre Hunter)                      Turns: 933, Time: 00:01:24

Health: 0/37       AC:  3    Str: 17    XL:     3   Next: 8%
Magic:  3/3        EV: 10    Int: 12    God:
Gold:   18         SH:  0    Dex:  9    Spells: 2/2 levels left

rFire    . . .     SeeInvis .   a - +0 short sword
rCold    + . .     Gourm    .   (no shield)
rNeg     . . .     Faith    .   b - +0 robe
rPois    .         Spirit   .   (helmet restricted)
rElec    .         Reflect  .   (no cloak)
rCorr    .         Harm     .   (gloves unavailable)
MR       .....                  (boots unavailable)
Stlth    +.........             (no amulet)
HPRegen  0.12/turn              j - ring of protection from cold
MPRegen  0.08/turn              (no ring)

@: no status effects
A: large, unfitting armour, tough skin 1
a: no special abilities


You were on level 1 of the Dungeon.
You were not hungry.

You visited 1 branch of the dungeon, and saw 1 of its levels.

You collected 18 gold pieces.

Inventory:

Hand Weapons
 a - a +0 short sword (weapon)
Missiles
 c - 5 large rocks (quivered)
 d - 2 throwing nets
Armour
 b - a +0 robe (worn)
Jewellery
 j - a ring of protection from cold (left hand)
Scrolls
 h - a scroll of identify {unknown}
 i - a scroll of remove curse {unknown}
Potions
 e - a potion of mutation {unknown}
Comestibles
 f - a ration
 g - a chunk of flesh


   Skills:
 + Level 3.4 Fighting
 + Level 4.3 Throwing
 + Level 2.3 Dodging
 - Level 0.6 Stealth


You had 2 spell levels left.
You didn't know any spells.
Your spell library was empty.

Dungeon Overview and Level Annotations

Branches:
Dungeon (1/15)

Altars:


Innate Abilities, Weirdness & Mutations

You are too large for most types of armour.
You have tough skin. (AC +1)


Message History

You hit the giant cockroach but do no damage.
The giant cockroach is heavily wounded.
The giant cockroach bites you but does no damage.
You barely miss the giant cockroach.
The giant cockroach is heavily wounded.
The giant cockroach barely misses you.
The giant cockroach bites you but does no damage.
You hit the giant cockroach.
You kill the giant cockroach!
The jackal barely misses you.
You hit the jackal.
You kill the jackal!
The jackal closely misses you.
You closely miss the jackal. The jackal barely misses you.
You barely miss the jackal.
The jackal bites you but does no damage.
The jackal bites you.
* * * LOW HITPOINT WARNING * * *
You closely miss the jackal. The jackal bites you.
You die...

..#.######..# #.....#
.#..######).# #####.#
............# #.#
.#..#######.# #.# ..#.#
#.# #.# .##.# #.#### #.#
###.## #....# #.#
#..######.##r########.#
##.##....JrsJh@.......#
#....###J#######+###.#
#.#h.#r.w...>...⌠..#.#
#.##(#.JJ...<......#.#
#.##)'⌠....###....⌠'.#
####.##.#.............#.#
........#######'#######.#
####.##.# .......J... #.#
#.##.#.....Js).....#.##


You could see 3 oozes, a jackal, a giant cockroach and 2 rats.

Vanquished Creatures
  2 dart slugs (D:1)
  A leopard gecko (D:1)
  3 giant cockroaches (D:1)
  A goblin (D:1)
  2 hobgoblins (D:1)
  4 jackals (D:1)
  2 frilled lizards (D:1)
  A kobold (D:1)
  4 rats (D:1)
20 creatures vanquished.

Notes
Turn   | Place    | Note
-------+----------+-------------------------------------------
     0 | D:1      | Gynju the Ogre Hunter began the quest for the Orb.
     0 | D:1      | Reached XP level 1. HP: 22/22 MP: 1/1
     1 | D:1      | Found a runed translucent door.
   256 | D:1      | Reached XP level 2. HP: 31/31 MP: 2/2
   904 | D:1      | Reached XP level 3. HP: 28/37 MP: 3/3
   933 | D:1      | Slain by a jackal

Levels and vault maps discovered:
D:1:      dpeg_arrival_caged_fury, layout_loops_ring

Skill      XL: |  1 |
---------------+----+-----
Dodging        | 2 |  2.3
Fighting       | 3 |  3.4
Throwing       | |  4.3
Stealth        | |  0.6

Action                   || total
-------------------------++-------
Melee: Short sword       ||    87
Throw: Large rock        ||     4
Armor: Robe              ||    35
Dodge: Dodged            ||    70

Table legend:
 A = Non-vault XP
 B = Vault XP
 C = Vault XP percentage of total XP
 D = Non-vault monster count
 E = Vault monster count
 F = Vault count percentage of total count
                 A         B        C        D         E       F
            +---------+---------+-------+---------+---------+-------
      Total |      32 |       6 |  15.8 |      17 |       3 |  15.0
            +---------+---------+-------+---------+---------+-------
        D:1 |      32 |       6 |  15.8 |      17 |       3 |  15.0
            +---------+---------+-------+---------+---------+-------
